 Dungeon Crawl Stone Soup version 0.31.0-9-g3a7656b989 (webtiles) character file.

Game seed: 2393809122455534264

10 qw the Shooter (level 2, 0/16 HPs)
             Began as a Deep Elf Hunter on Feb 2, 2024.
             Slain by a hobgoblin
             ... wielding a +0 club
             ... led by Robin
              (1 damage)
             ... on level 2 of the Dungeon.
             The game lasted 00:00:01 (665 turns).

qw the Shooter (Deep Elf Hunter)                     Turns: 665, Time: 00:00:02

Health: 0/16       AC:  3    Str:  8    XL:     2   Next: 10%
Magic:  4/4        EV: 12    Int: 13    God:
Gold:   32         SH:  0    Dex: 18    Spells: 1/1 levels left

rFire   . . .        a - +1 shortbow
rCold   . . .        (shield currently unavailable)
rNeg    . . .        c - +0 leather armour
rPois   .            (no helmet)
rElec   .            (no cloak)
rCorr   .            (no gloves)
SInv    .            (no boots)
Will    .....        (no amulet)
Stlth   ++           d - +4 ring of slaying {mikee}
HPRegen 0.22/turn    (no ring)
MPRegen 0.09/turn

%: no passive effects
@: no status effects
A: no striking features
a: no special abilities


You were on level 2 of the Dungeon.
You visited 1 branch of the dungeon, and saw 2 of its levels.

You collected 32 gold pieces.


   Skills:
 - Level 1.5 Fighting
 + Level 6.0 Ranged Weapons
 - Level 2.4 Dodging
 - Level 1.2 Stealth


You had one spell level left.
You didn't know any spells.
Your spell library was empty.

Inventory:

Hand Weapons
 a - a +1 shortbow (weapon)
Armour
 c - a +0 leather armour (worn)
Jewellery
 d - a +4 ring of slaying (left hand) {mikee}
Potions
 b - a potion of berserk rage {unknown}

Dungeon Overview and Level Annotations

Branches:
Dungeon (2/15)

Altars:

Annotations:
D:2 Robin


Message History

You hear a shout!
You shoot an arrow. The arrow hits the goblin!
You kill the goblin!
You have reached level 2!
You shoot an arrow. The arrow hits the goblin.
You kill the goblin!
Your Ranged Weapons skill increases to level 6!
You shoot an arrow. The arrow hits the goblin.
You kill the goblin!
Robin of the Strong Arm comes into view.
They are wielding a +0 vampiric trident.
A goblin comes into view. It is wielding a +0 dagger.
You shoot an arrow.
Robin shouts!
The arrow hits the hobgoblin.
The hobgoblin is moderately wounded.
You hear a shout!
Robin throws the goblin at you!
You shoot an arrow. The arrow barely misses the goblin.
A goblin comes into view. It is wielding a +0 dagger.
The goblin hits you with a +0 club.
Robin roars a battlecry!
The goblins go into a battle-frenzy!
The goblin barely misses you.
662 ||| RETREEEEATING.
You shoot an arrow. The arrow hits the hobgoblin.
The hobgoblin is heavily wounded.
The hobgoblin hits you with a +0 club. The goblin hits you with a +0 club.
664 ||| RETREEEEATING.
A goblin comes into view. It is wielding a +0 dagger.
The hobgoblin attacks as it pursues you!
The hobgoblin hits you with a +0 club.
A goblin comes into view. It is wielding a +0 club.
Robin throws the goblin at you!
You shoot an arrow. The arrow hits the hobgoblin.
The hobgoblin is severely wounded.
The goblin hits you with a +0 dagger.
Robin says, "Bow before me, strongest of all the hobgoblins!"
Robin roars a battlecry!
The hobgoblin hits you with a +0 club.
You die...

... ..#7 7 #.# g.. . #.#
g.#.7# #g##).#.. #...g...
#.. ..# #.###.##.#
#....gg@g# ##+##
#####.#### ##...## #.####
##.....## #.##.##
##.......##
######.#...####.........#
..%............'.......<(+
.######.#...####.........#
#.##.## ##.......## #.####
##.....##


You could see Robin, a hobgoblin (strong) and 4 goblins.

Vanquished Creatures
  A dart slug (D:1)
  A bat (D:1)
  A ball python (D:1)
  A frilled lizard (D:2)
  4 goblins
  A rat (D:1)
9 creatures vanquished.

Notes
Turn   | Place    | Note
-------+----------+-------------------------------------------
     0 | D:1      | qw the Deep Elf Hunter began the quest for the Orb.
     0 | D:1      | Reached XP level 1. HP: 12/12 MP: 3/3
     0 | D:1      | 0 ||| qw: Version: 0.3-a-155-g5e7d8dd
     0 | D:1      | 0 ||| qw: Game counter: 2489
     0 | D:1      | 0 ||| qw: Melee chars always use a shield: true
     0 | D:1      | 0 ||| qw: God list: Okawaru
     0 | D:1      | 0 ||| qw: Allow faded altars: false
     0 | D:1      | 0 ||| qw: Do Orc after clearing Dungeon:15 true
     0 | D:1      | 0 ||| qw: Do second Lair branch before Depths: true
     0 | D:1      | 0 ||| qw: Lair rune preference: random
     0 | D:1      | 0 ||| qw: Goals: Normal
     0 | D:1      | 0 ||| PLANNING D:1-11
   592 | D:1      | 592 ||| UPGRADING to +4 ring of slaying {mikee}.
   593 | D:1      | 593 ||| READING scroll labelled WOYFAU FUFORU.
   594 | D:1      | 594 ||| READING scroll labelled VAMAH ECENG.
   594 | D:1      | 594 ||| IDENTIFYING fizzy green potion
   595 | D:1      | 595 ||| READING scroll labelled DAADOPR KELODU.
   595 | D:1      | 595 ||| ENCHANTING +0 shortbow.
   596 | D:1      | 596 ||| READING scroll labelled UTUKOKHLOWE.
   601 | D:1      | 601 ||| READING scroll labelled UBAGHO ITTITS.
   601 | D:1      | 601 ||| ENCHANTING +0 shortbow.
   602 | D:1      | 602 ||| DRINKING 2 bubbling blue potions.
   606 | D:1      | 606 ||| DROPPING scroll of butterflies.
   607 | D:1      | 607 ||| DROPPING potion of ambrosia.
   608 | D:1      | 608 ||| DROPPING potion of lignification.
   658 | D:2      | Reached XP level 2. HP: 16/16 MP: 4/4
   659 | D:2      | Reached skill level 6 in Ranged Weapons
   659 | D:2      | Noticed Robin
   662 | D:2      | 662 ||| RETREEEEATING.
   664 | D:2      | 664 ||| RETREEEEATING.
   665 | D:2      | HP: 1/16 [goblin/+0 dagger[Robin] (5)]
   665 | D:2      | Slain by a hobgoblin

Levels and vault maps discovered:
D:1:      dpeg_arrival_round_c, layout_rooms, dk_noncrumbling_2
D:2:      layout_loops_corners, serial_shops, nicolae_shop_trees,
          dreamdust_mushroom_princess, uniq_robin, uniq_terence

Skill      XL: |  1  2 |
---------------+-------+-----
Ranged Weapons | 6 |  6.0
Fighting       | |  1.5
Dodging        | |  2.4
Stealth        | |  1.2

Action                     || total
---------------------------++-------
   Fire: Shortbow          ||    22
    Use: Scroll            ||     5
         Potion            ||     1
 Armour: Leather armour    ||    10
  Dodge: Dodged            ||     4

Table legend:
 A = Non-vault XP
 B = Vault XP
 C = Vault XP percentage of total XP
 D = Non-vault monster count
 E = Vault monster count
 F = Vault count percentage of total count
                 A         B        C        D         E       F
            +---------+---------+-------+---------+---------+-------
      Total |      10 |       5 |  33.3 |       6 |       3 |  33.3
            +---------+---------+-------+---------+---------+-------
        D:1 |       9 |       0 |   0.0 |       5 |       0 |   0.0
        D:2 |       1 |       5 |  83.3 |       1 |       3 |  75.0
            +---------+---------+-------+---------+---------+-------
